 Dungeon Crawl Stone Soup version 0.31-a0-726-g3c93526463 (webtiles) character file.

Game seed: 9282300000466433966

6193 Ijustatesigmund the Thaumaturge (level 10, -5/56 HPs)
             Began as a Deep Elf Fire Elementalist on Sept 11, 2023.
             Was an Initiate of Cheibriados.
             Slain by a boulder beetle (17 damage)
             ... on level 7 of the Dungeon.
             The game lasted 00:19:08 (12731 turns).

Ijustatesigmund the Thaumaturge (DEFE)             Turns: 12731, Time: 00:19:09

Health: -5/56      AC: 11    Str:  8    XL:     10   Next: 60%
Magic:  26/26      EV: 15    Int: 24    God:    Cheibriados [......]
Gold:   197        SH:  0    Dex: 24    Spells: 20/30 levels left

rFire   + . .        s - +5 falchion of Kumaoh {flame, rCorr Dex+2}
rCold   . . .        (no shield)
rNeg    . . .        a - +2 robe {rC+}
rPois   .            x - +1 hat {Stlth+}
rElec   .            b - +0 cloak
rCorr   +            k - +2 pair of gloves
SInv    .            (no boots)
Will    +....        (no amulet)
Stlth   ++           r - ring of wizardry
HPRegen 0.29/turn    h - +6 ring of dexterity
MPRegen 0.20/turn

%: wizardry (x1)
@: confused, ambrosia-drunk, very slow
A: iridescent scales 1, fire resistance 1, cold vulnerability 1
a: Renounce Religion


You were on level 7 of the Dungeon.
You worshipped Cheibriados.
Cheibriados was noncommittal.
You visited 2 branches of the dungeon, and saw 11 of its levels.

You collected 433 gold pieces.
You spent 236 gold pieces at shops.

Inventory:

Hand Weapons
 c - a +0 rapier
 i - the +5 falchion of the Sharing Scavenger {elec, Contam rN+++ MP-9 Str+9}
   (You found it on level 3 of the Dungeon)

   Str+9:     It affects your strength (+9).
   rN+++:     It renders you almost immune to negative energy.
   MP-9:      It affects your magic capacity (-9).
   Contam:    It causes magical contamination when unequipped.
 s - the +5 falchion of Kumaoh (weapon) {flame, rCorr Dex+2}
   (You found it on level 4 of the Dungeon)

   Dex+2:     It affects your dexterity (+2).
   rCorr:     It protects you from acid and corrosion.
Armour
 a - a +2 robe of cold resistance (worn)
 b - a +0 cloak (worn)
 k - a +2 pair of gloves (worn)
 q - +0 steam dragon scales
 x - a +1 hat of stealth (worn)
Jewellery
 h - a +6 ring of dexterity (right hand)
 n - a ring of fire
 r - a ring of wizardry (left hand)
 u - a ring of willpower
 z - an amulet of guardian spirit
 A - a ring of ice
 D - a ring of see invisible
Wands
 d - a wand of polymorph (11)
 w - a wand of roots (2)
Scrolls
 o - 2 scrolls of immolation
 p - 5 scrolls of identify
Potions
 e - 2 potions of ambrosia
 f - 3 potions of enlightenment
 g - 2 potions of cancellation
 j - 3 potions of resistance
 l - 2 potions of brilliance
 m - 2 potions of lignification
 v - 3 potions of curing


   Skills:
 - Level 4.1 Fighting
 - Level 4.4 Dodging
 - Level 2.4 Stealth
 + Level 10.8 Spellcasting
 + Level 8.7 Conjurations
 + Level 9.3 Fire Magic
 - Level 5.6 Earth Magic
 + Level 2.6 Invocations


You had 20 spell levels left.
You knew the following spells:

 Your Spells              Type           Power      Damage    Failure   Level
a - Foxfire               Conj/Fire      100%       2x1d9     1%          1
b - Scorch                Fire           100%       2d9       1%          2
c - Flame Wave            Conj/Fire      54%        2d13      1%          4
d - Stone Arrow           Conj/Erth      94%        3d12      1%          3

Your spell library contained the following spells:

 Spells                   Type           Power      Damage    Failure   Level
 Sandblast                Erth           80%        2d17      1%          1
 Passwall                 Tmut/Erth      21%        N/A       1%          2
 Inner Flame              Hex/Fire       35%        N/A       1%          3
 Volatile Blastmotes      Fire/Tloc      70%        2d15      1%          3
 Wereblood                Tmut           12%        N/A       3%          2
 Ozocubu's Armour         Ice            12%        N/A       6%          3
 Irradiate                Conj/Tmut      16%        3d17      9%          5
 Olgreb's Toxic Radiance  Pois           12%        N/A       19%         4
 Ignition                 Fire           27%        3d9       93%         8
 Ozocubu's Refrigeration  Ice            6%         4d8       100%        7
 Discord                  Hex            6%         N/A       100%        8


Dungeon Overview and Level Annotations

Branches:
Dungeon (10/15)            Temple (1/1) D:7             Orc (0/2) D:10
   Lair: D:8-11

Altars:
Ashenzari
Cheibriados
Elyvilon
Fedhas
Gozag
Kikubaaqudgha
Makhleb
Nemelex Xobeh
Okawaru
Qazlal
Ru
Sif Muna
Trog
Uskayaw
Vehumet
Wu Jian
Xom
Yredelemnul
Zin
The Shining One

Shops:
D:2 ?   D:6 [


Innate Abilities, Weirdness & Mutations

You are partially covered in iridescent scales. (AC +2)
Your flesh is heat resistant. (rF+)
You are vulnerable to cold. (rC-)


Message History

Press: ? - help, Shift-Dir - straight line, f/p - boulder beetle
Aim: a boulder beetle (chance to affect: 31%)
The boulder beetle easily resists.
The boulder beetle curls into a ball and begins rolling!
Aiming: Paralyse
Press: ? - help, Shift-Dir - straight line, f/p - boulder beetle
Aim: a boulder beetle (rolling, chance to affect: 31%)
The boulder beetle easily resists.
Aiming: Paralyse
Press: ? - help, Shift-Dir - straight line, f/p - boulder beetle
Aim: a boulder beetle (rolling, chance to affect: 31%)
The boulder beetle easily resists.
Aiming: Paralyse
Press: ? - help, Shift-Dir - straight line, f/p - boulder beetle
Aim: a boulder beetle (rolling, chance to affect: 31%)
The boulder beetle easily resists.
The boulder beetle hits you!!!
Ouch! That really hurt!
The boulder beetle stops rolling and uncurls.
Aiming: Paralyse
Press: ? - help, Shift-Dir - straight line, f/p - boulder beetle
Aim: a boulder beetle (chance to affect: 31%)
The boulder beetle easily resists.
The boulder beetle bites you but does no damage.
Aiming: Paralyse
Press: ? - help, Shift-Dir - straight line, f/p - boulder beetle
Aim: a boulder beetle (chance to affect: 31%)
The boulder beetle easily resists.
The now-empty wand crumbles to dust.
The boulder beetle bites you but does no damage.
Okay, then.
Okay, then.
As you read the scroll labelled ITYMYSSAIRPH, it dissolves into smoke.
It was a scroll of fog.
The boulder beetle bites you!
* * * LOW HITPOINT WARNING * * *
As you read the scroll labelled RYV MESHRITOPHO, it crumbles to dust.
You feel aware of your surroundings.
It was a scroll of revelation.
The boulder beetle closely misses you.
Found eight items.
You are confused.
You feel invigorated. The boulder beetle bites you!
You die...

#.####.....#.#..#...#...#..(..#'#
..####.............###...........
..................#.#.#..........
...##.........###...#....>.......
#..#..#######..##...#..#.........
##...##,,F..##§.#.#..............
,##.##,**..#.##§§§##.............
**###,**,.Y##.##§§§..............
,,**,**,,..)#..#@###.########..##
**,*,,**,.:=##.#B§§..### #..#
,,*,,,,**.}%#l.#§§§..### #..#
****,,**,.=|##.#.....### #..#
,***,**,,..:#..#.....### #..##
*,***,**,..##.##.....### #....
,** **,**..#.##......### #.... **
**,,...##..#)...### ##### *
*******,,#*..>.* #


You could see a boulder beetle.

Vanquished Creatures
  An ugly thing (D:7)
  Joseph (D:7)
  Jeremiah (D:7)
  An unseen horror (D:7)
  A komodo dragon (D:7)
  A troll (D:7)
  Prince Ribbit (D:5)
  Sigmund (D:6)
  A slime creature (D:7)
  A shadow (D:9)
  A vampire (D:9)
  A steam dragon (D:9)
  4 vampire mosquitoes (D:9)
  An acid dragon (D:8)
  2 water moccasins (D:5)
  An ice beast (D:6)
  An orc warrior (D:8)
  3 ogres
  A centaur (D:8)
  2 kobold brigands
  2 phantoms (D:6)
  Blork the orc (D:6)
  4 scorpions
  2 bullfrogs
  A gnoll sergeant (D:8)
  4 wights (D:9)
  3 killer bees (D:9)
  3 electric eels (D:8)
  2 howler monkeys
  2 jellies
  A hound (D:5)
  An orc priest (D:5)
  2 gnoll boudas
  A sleepcap (D:4)
  7 orc wizards
  5 iguanas
  12 gnolls
  9 adders
  A white imp (D:6)
  2 ufetubi (D:7)
  4 worms
  4 dart slugs
  35 orcs
  9 endoplasms
  2 giant cockroaches (D:1)
  5 goblins
  11 hobgoblins
  5 quokkas
  6 ball pythons
  6 bats
  6 frilled lizards
  14 kobolds
  5 rats
204 creatures vanquished.

Vanquished Creatures (others)
  489 foxfires
489 creatures vanquished.

Grand Total: 693 creatures vanquished

Notes
Turn   | Place    | Note
-------+----------+-------------------------------------------
     0 | D:1      | Ijustatesigmund the Deep Elf Fire Elementalist began the
                  | quest for the Orb.
     0 | D:1      | Reached XP level 1. HP: 10/10 MP: 6/6
   159 | D:1      | Reached XP level 2. HP: 16/16 MP: 4/8
   162 | D:1      | Learned a level 2 spell: Scorch
   861 | D:1      | Reached XP level 3. HP: 20/20 MP: 8/10
  1123 | D:1      | Reached skill level 1 in Fighting
  1399 | D:2      | Found Rigecze's Magic Scroll Emporium.
  1432 | D:2      | Bought a scroll of identify for 26 gold pieces
  1580 | D:2      | Gained mutation: You are vulnerable to cold. (rC-) [potion
                  | of mutation]
  1580 | D:2      | Gained mutation: You are partially covered in iridescent
                  | scales. (AC +2) [potion of mutation]
  1580 | D:2      | Gained mutation: Your flesh is heat resistant. (rF+)
                  | [potion of mutation]
  1791 | D:2      | Reached XP level 4. HP: 14/25 MP: 7/11
  1983 | D:2      | Reached skill level 4 in Spellcasting
  2674 | D:3      | Identified the +5 falchion of the Sharing Scavenger {elec,
                  | Contam rN+++ MP-9 Str+9}
  2941 | D:3      | Found a faded altar of an unknown god.
  3021 | D:3      | Found a sacrificial altar of Ru.
  3437 | D:3      | Reached XP level 5. HP: 30/30 MP: 10/13
  3749 | D:4      | Noticed an ogre
  3757 | D:4      | Killed an ogre
  3764 | D:4      | Learned a level 4 spell: Flame Wave
  3956 | D:4      | Reached skill level 5 in Spellcasting
  3956 | D:4      | Reached XP level 6. HP: 11/36 MP: 2/15
  4168 | D:4      | Identified the +5 falchion of Kumaoh {flame, rCorr Dex+2}
  4385 | D:4      | Found a shimmering blue altar of Sif Muna.
  4460 | D:5      | Entered Level 5 of the Dungeon
  4460 | D:5      | Noticed Prince Ribbit
  4467 | D:5      | Killed Prince Ribbit
  4468 | D:5      | Reached skill level 5 in Fire Magic
  4468 | D:5      | Reached XP level 7. HP: 37/40 MP: 10/17
  4630 | D:5      | Reached skill level 6 in Spellcasting
  4790 | D:5      | Found a glowing silver altar of Zin.
  4911 | D:5      | Reached skill level 5 in Conjurations
  4911 | D:5      | Reached XP level 8. HP: 12/47 MP: 6/20
  5438 | D:5      | Found an ornate altar of the Wu Jian Council.
  5438 | D:5      | Found an opulent altar of Gozag.
  5439 | D:5      | Found a hide-covered altar of Uskayaw.
  5699 | D:6      | Noticed Sigmund
  5705 | D:6      | Killed Sigmund
  5706 | D:6      | Reached skill level 7 in Spellcasting
  5922 | D:6      | Learned a level 3 spell: Stone Arrow
  5944 | D:6      | Found Otoizunt's Antique Armour Shop.
  5953 | D:6      | Bought a glowing hat for 210 gold pieces
  6108 | D:6      | Reached skill level 1 in Earth Magic
  6408 | D:6      | Noticed Blork the orc
  6416 | D:6      | Killed Blork the orc
  6757 | D:6      | Found a glowing golden altar of the Shining One.
  6776 | D:6      | Reached skill level 8 in Spellcasting
  7112 | D:7      | Noticed Joseph
  7633 | D:7      | Found a white marble altar of Elyvilon.
  7649 | D:7      | Noticed Jeremiah
  7670 | D:7      | Killed Jeremiah
  7671 | D:7      | Reached XP level 9. HP: 22/52 MP: 21/23
  9699 | D:8      | Reached skill level 9 in Spellcasting
  9769 | D:8      | Found a blossoming altar of Fedhas.
 10138 | D:9      | Found a broken altar of Ashenzari.
 11041 | D:9      | Reached skill level 5 in Earth Magic
 11041 | D:9      | Reached XP level 10. HP: 46/56 MP: 18/25
 11176 | D:9      | Identified the +1 robe of the Shining Light {Dex+4 SInv}
 11192 | D:9      | Reached skill level 10 in Spellcasting
 11835 | D:10     | Entered Level 10 of the Dungeon
 11835 | D:10     | Noticed a gargoyle
 11835 | D:10     | Found a staircase to the Orcish Mines.
 12134 | D:7      | Found a staircase to the Ecumenical Temple.
 12138 | D:7      | Killed Joseph
 12177 | Temple   | Entered the Ecumenical Temple
 12316 | Temple   | Became a worshipper of Cheibriados the Contemplative
 12436 | D:7      | Noticed a boulder beetle
 12437 | D:7      | Noticed a cyan ugly thing
 12441 | D:7      | Noticed a manticore
 12446 | D:7      | Reached skill level 1 in Invocations
 12450 | D:7      | Killed a cyan ugly thing
 12731 | D:7      | Slain by a boulder beetle

Illustrated notes

Levels and vault maps discovered:
D:1:      minmay_arrival_jagged, layout_basic, minmay_strange_pillars,
          minmay_pentomino_s4
D:2:      layout_basic, serial_shops, shop_scrolls, serial_rivers,
          chequers_serial_rivers_small_a, chequers_serial_rivers_marsh,
          chequers_serial_rivers_small_b, chequers_serial_rivers_micro_a,
          chequers_serial_rivers_small_b, chequers_serial_rivers_small_a
D:3:      layout_basic, mainiacjoe_overflow_surrounded_room,
          hellmonk_ecumenical_altar_crossroads
D:4:      layout_gridville, led_sif_pool
D:5:      layout_basic, gammafunk_temple_overflow_claw, marbit_many_paths,
          uniq_prince_ribbit1
D:6:      layout_basic, kennysheep_mini, serial_shops, shop_fountains,
          uniq_blork_the_orc, uniq_sigmund
D:7:      minmay_the_grid_octo_2x2 [minmay_the_grid_octo_clover,
          minmay_the_grid_octo_fan_narrow, minmay_the_grid_octo_toaster,
          minmay_the_grid_octo_prize_ultimate_mussel_roller], layout_basic,
          mainiacjoe_overflow_brackets, minmay_temple_entry_arrows,
          nicolae_sextant, uniq_joseph, uniq_jeremiah
D:8:      layout_basic, fedhas_altar_4, chequers_arboretum,
          minmay_misc_feat_rows, abandoned_shop
D:9:      layout_long_grid, cheibrodos_ashenzari_chains
D:10:     lemuel_castle_with_subvaults [lemuel_castle_interior_carwin_1],
          layout_stronghold, mainiacjoe_overflow_small_starburst,
          nzn_hepliaklqana_mist_gate, dpeg_lair_monsters, david_orc_3,
          minivault_8
Temple:   cyrus_temple_forest

Skill      XL: |  1  2  3  4  5  6  7  8  9 10 |
---------------+-------------------------------+-----
Fighting       | 1 2 3 4 |  4.1
Conjurations   | 2 3 4 5 6 7 8 |  8.7
Fire Magic     | 4 5 6 7 8 9 |  9.3
Spellcasting   | 4 5 6 8 9 10 | 10.8
Earth Magic    | 3 5 |  5.6
Dodging        | 3 4 |  4.4
Invocations    | 2 |  2.6
Stealth        | |  2.4

Action                     |  1- 3 |  4- 6 |  7- 9 | 10-12 || total
---------------------------+-------+-------+-------+-------++-------
  Melee: Short sword       |     2 |       |       |       ||     2
         Rapier            |     1 |     1 |       |       ||     2
         Falchion          |       |       |    11 |     1 ||    12
         Punch             |       |       |     1 |       ||     1
   Cast: Foxfire           |    76 |    89 |   102 |    16 ||   283
         Scorch            |     1 |    16 |    58 |     5 ||    80
         Stone Arrow       |       |       |    19 |     8 ||    27
         Flame Wave        |       |       |    16 |     6 ||    22
  Evoke: Wand              |       |       |     5 |     8 ||    13
    Use: Scroll            |     6 |     3 |     8 |     3 ||    20
         Potion            |     1 |       |     6 |     1 ||     8
   Stab: Sleeping          |     1 |     1 |       |       ||     2
         Paralysed         |       |       |     3 |       ||     3
         Distracted        |       |       |     1 |       ||     1
 Armour: Robe              |     8 |     8 |    97 |    21 ||   134
         Skin              |       |       |    16 |       ||    16
  Dodge: Dodged            |     7 |     8 |    51 |    13 ||    79

Table legend: (Time is in decaauts)
 A = Elapsed time spent in this place.
 B = Non-inter-level travel time spent in this place.
 C = Inter-level travel time spent in this place.
 D = Time resting spent in this place.
 E = Time spent auto-exploring this place.
 F = Levels seen in this place.
 G = Mean time per level.
                   A        B        C        D        E       F      G
               +--------+--------+--------+--------+--------+-----+--------+
         Total |  12781 |  12313 |    468 |   4132 |   6676 |  11 | 1161.9 |
       Dungeon |  12589 |  12174 |    415 |   4132 |   6584 |  10 | 1258.9 |
        Temple |    192 |    139 |     53 |      0 |     92 |   1 |  192.0 |
               +--------+--------+--------+--------+--------+-----+--------+

Top non-repeatable levels by time:
     D:6: 1959 daAuts
     D:9: 1954 daAuts
     D:8: 1697 daAuts
     D:1: 1327 daAuts
     D:7: 1316 daAuts
     D:3: 1237 daAuts
     D:5: 1194 daAuts
     D:2: 1162 daAuts
     D:4: 736 daAuts
  Temple: 192 daAuts
    D:10: 3 daAuts
